 Dungeon Crawl Stone Soup version 0.29-a0-231-g945431f764 (webtiles) character file.

Game seed: 3846868664415101779

17423 fragbeetle the Grappler (level 12, 0/123 HPs)
             Began as a Troll Berserker on Feb 27, 2022.
             Was a High Priest of Trog.
             Slain by a seven-headed hydra (4 damage)
             ... on level 1 of the Lair of Beasts on Feb 28, 2022.
             The game lasted 00:29:41 (10564 turns).

fragbeetle the Grappler (Troll Berserker)          Turns: 10564, Time: 00:29:43

Health: 0/123      AC:  7    Str: 30    XL:     12   Next: 18%
Magic:  20/20      EV: 10    Int:  5    God:    Trog [*****.]
Gold:   258        SH:  0    Dex:  9    Spells: 11/11 levels left

rFire   . . .      SeeInvis .     - Unarmed
rCold   . . .      Faith    .   (no shield)
rNeg    . . .      Spirit   .   p - +0 robe
rPois   +          Reflect  .   (helmet restricted)
rElec   .          Harm     .   c - +2 cloak {rPois}
rCorr   .          Rampage  .   (gloves unavailable)
Will    .....                   (boots unavailable)
Stlth   +.........              (no amulet)
HPRegen 1.10/turn               i - ring of magical power
MPRegen 0.17/turn               (no ring)

@: no status effects
A: large, unfitting armour, claws 3, regeneration 1, shaggy fur 1, tough skin 1
a: Renounce Religion, Berserk, Trog's Hand, Brothers in Arms


You were on level 1 of the Lair of Beasts.
You worshipped Trog.
Trog was extremely pleased with you.
You visited 3 branches of the dungeon, and saw 13 of its levels.

You collected 590 gold pieces.
You spent 332 gold pieces at shops.

Inventory:

Hand Weapons
 b - a +6 spear of venom
 l - a +3 dagger
 w - the +6 battleaxe of Lyhis {vorpal, *Corrode rN+ Will++}
   (You found it on level 9 of the Dungeon)

   It inflicts extra damage upon your enemies.
   rN:        It protects you from negative energy.
   *Corrode:  It may corrode you when you take damage.
   Will:      It greatly increases your willpower.
 I - a +3 scimitar of flaming
 L - a +3 mace of freezing
Missiles
 B - 26 poisoned darts (quivered)
 K - 6 curare-tipped darts
 M - 5 large rocks
Armour
 c - a +2 cloak of poison resistance (worn)
 p - a +0 robe (worn)
 J - a scarf of resistance
 N - a +0 kite shield
Jewellery
 d - an amulet of regeneration
 i - a ring of magical power (left claw)
Wands
 a - a wand of iceblast (10)
 e - a wand of digging (9)
 r - a wand of mindburst (18)
 y - a wand of paralysis (19)
 A - a wand of acid (5)
 F - a wand of flame (16)
Scrolls
 h - 3 scrolls of enchant weapon
 n - 2 scrolls of enchant armour
 o - a scroll of noise {unknown}
 q - a scroll of teleportation
 s - a scroll of magic mapping {unknown}
 t - 3 scrolls of immolation {unknown}
 v - 2 scrolls of fear
 C - 2 scrolls of summoning {unknown}
 D - 2 scrolls of holy word {unknown}
 G - a scroll of torment {unknown}
 H - 2 scrolls of fog {unknown}
 O - 2 scrolls of vulnerability {unknown}
 P - a scroll of brand weapon {unknown}
Potions
 f - 2 potions of invisibility
 g - a potion of mutation {unknown}
 j - 7 potions of curing
 k - a potion of might
 m - 4 potions of lignification
 u - a potion of heal wounds
 x - 4 potions of flight
 z - 2 potions of berserk rage
 E - a potion of degeneration {unknown}


   Skills:
 + Level 9.2 Fighting
 + Level 2.5 Maces & Flails
 - Level 2.4 Dodging
 - Level 11.7 Unarmed Combat
 - Level 10.0 Evocations


You had 11 spell levels left.
You didn't know any spells.
Your spell library was empty.

Dungeon Overview and Level Annotations

Branches:
Dungeon (11/15)            Temple (1/1) D:7            Lair (1/6) D:9
    Orc (0/2) D:11

Altars:
Fedhas
Hepliaklqana
Makhleb
Okawaru
Qazlal
Sif Muna
Uskayaw
Wu Jian
Xom
Zin
Beogh

Shops:
D:1 [   D:2 !   D:7 *

Portals:
Trove: D:10 (give +3 gold dragon scales)
Ice
Cave: D:11

Annotations:
D:8 exclusion: upstairs
D:9 exclusion: door


Innate Abilities, Weirdness & Mutations

You are too large for most types of armour.
You have claws for hands.
Your natural rate of healing is unusually fast.
You are covered in fur. (AC +1)
You have tough skin. (AC +1)


Message History

The seven-headed hydra bites you.
The seven-headed hydra barely misses you.
The seven-headed hydra bites you! x2
Aiming: Mindburst
Press: ? - help, Shift-Dir - straight line, f/p - seven-headed hydra
Aim: a seven-headed hydra (moderately wounded, chance to affect: 65%)
The seven-headed hydra's minds are blasted!!
A nearby plant withers and dies.
The seven-headed hydra closely misses you.
The seven-headed hydra bites you but does no damage.
The seven-headed hydra barely misses you.
The seven-headed hydra bites you. x2; The seven-headed hydra bites you!
The seven-headed hydra bites you.
* * * LOW HITPOINT WARNING * * *
Unknown command.
Aiming: Mindburst
Press: ? - help, Shift-Dir - straight line, f/p - seven-headed hydra
Aim: a seven-headed hydra (severely wounded, chance to affect: 65%)
The seven-headed hydra struggles to resist.
The seven-headed hydra bites you!
* * * LOW HITPOINT WARNING * * *
The seven-headed hydra barely misses you.
The seven-headed hydra closely misses you.
The seven-headed hydra bites you!
* * * LOW HITPOINT WARNING * * *
The seven-headed hydra bites you.
* * * LOW HITPOINT WARNING * * *
The seven-headed hydra bites you.
* * * LOW HITPOINT WARNING * * *
The seven-headed hydra bites you.
* * * LOW HITPOINT WARNING * * *
Okay, then.
Aiming: Mindburst
Press: ? - help, Shift-Dir - straight line, f/p - seven-headed hydra
Aim: a seven-headed hydra (severely wounded, chance to affect: 65%)
The seven-headed hydra's minds are blasted!!
The seven-headed hydra bites you but does no damage.
The seven-headed hydra barely misses you.
The seven-headed hydra bites you.
You die...

...^......#
........P#
.........# #####
.........######...#
###..(...#P#P.....#
#....##..........#
############...####
#..###.#.###
##..@D......
######.#...


You could see a seven-headed hydra.

Vanquished Creatures
  A hydra (Lair:1)
  3 death yaks
  Erica (D:9)
  6 two-headed ogres
  Sonja (Lair:1)
  A sixfirhy (D:7)
  A cyclops (D:11)
  A cane toad (Lair:1)
  2 komodo dragons
  2 trolls
  Prince Ribbit (D:7)
  A vampire (D:11)
  2 shadows
  A wraith (D:9)
  A wyvern (D:9)
  18 yaks
  2 humans (D:7)
  Grum (D:8)
  Menkaure (D:5)
  An acid dragon (D:10)
  2 water moccasins (D:6)
  An ice beast (D:6)
  6 orc warriors
  2 sky beasts
  A necrophage (D:5)
  A phantom (D:11)
  4 ogres
  5 centaurs
  3 wolves (D:8)
  4 kobold brigands
  A bullfrog (D:8)
  A gnoll sergeant (D:8)
  A scorpion (D:7)
  8 killer bees
  4 wights (D:9)
  A hound (D:6)
  2 jellies (D:6)
  8 orc priests
  A gnoll shaman (D:7)
  2 iguanas (D:5)
  Terence (D:2)
  14 orc wizards
  13 gnolls
  7 adders
  A shadow imp (D:6)
  A white imp (D:6)
  3 worms
  3 dart slugs
  35 orcs
  8 endoplasms
  4 giant cockroaches
  4 goblins
  8 hobgoblins
  3 jackals (D:3)
  A quokka (D:4)
  14 ball pythons
  6 bats
  8 frilled lizards
  A goblin zombie (D:11)
  2 hobgoblin zombies (D:11)
  25 kobolds
  An orc skeleton (D:11)
  5 orc zombies (D:11)
  9 rats
283 creatures vanquished.

Vanquished Creatures (others)
  4 fungi (D:9)
  7 plants
11 creatures vanquished.

Grand Total: 294 creatures vanquished

Notes
Turn   | Place    | Note
-------+----------+-------------------------------------------
     0 | D:1      | fragbeetle the Troll Berserker began the quest for the Orb.
     0 | D:1      | Reached XP level 1. HP: 22/22 MP: 0/0
   158 | D:1      | You fall into a shaft and drop 1 floor!
   164 | D:2      | Reached XP level 2. HP: 29/29 MP: 1/1
   343 | D:2      | Reached skill level 4 in Unarmed Combat
   344 | D:2      | Reached XP level 3. HP: 36/36 MP: 2/2
   418 | D:2      | Noticed Terence
   464 | D:2      | Killed Terence
   465 | D:2      | Reached skill level 5 in Unarmed Combat
   465 | D:2      | Reached XP level 4. HP: 23/44 MP: 3/3
   673 | D:1      | Found Wabaulop's Armour Boutique.
   974 | D:1      | Reached ** piety under Trog
  1514 | D:2      | Found Nusadeol's Distillery.
  1523 | D:2      | Bought a potion of curing for 33 gold pieces
  1523 | D:2      | Bought a potion of might for 44 gold pieces
  1792 | D:3      | Found a hazy altar of Hepliaklqana.
  1835 | D:3      | Reached XP level 5. HP: 50/50 MP: 4/4
  1926 | D:3      | Reached skill level 6 in Unarmed Combat
  1982 | D:3      | Noticed an ogre
  1996 | D:3      | Killed an ogre
  2078 | D:3      | Reached XP level 6. HP: 56/59 MP: 5/5
  2251 | D:3      | Found a faded altar of an unknown god.
  2701 | D:4      | Reached skill level 7 in Unarmed Combat
  3026 | D:4      | Noticed an orc warrior
  3068 | D:3      | Killed an orc warrior
  3069 | D:3      | Reached skill level 8 in Unarmed Combat
  3109 | D:4      | Reached *** piety under Trog
  3110 | D:4      | Reached XP level 7. HP: 66/66 MP: 6/6
  3153 | D:4      | Found the +1 Delatra's gloves {ID++}
  3352 | D:5      | Entered Level 5 of the Dungeon
  3352 | D:5      | Found a glowing silver altar of Zin.
  3431 | D:5      | Found a stormy altar of Qazlal.
  3579 | D:5      | Found an ornate altar of the Wu Jian Council.
  3588 | D:5      | Reached skill level 9 in Unarmed Combat
  4058 | D:5      | Noticed Menkaure
  4068 | D:5      | Killed Menkaure
  4076 | D:5      | Noticed a two-headed ogre
  4085 | D:5      | Killed a two-headed ogre
  4086 | D:5      | Reached skill level 10 in Unarmed Combat
  4086 | D:5      | Reached XP level 8. HP: 69/79 MP: 7/7
  4304 | D:6      | Reached skill level 5 in Fighting
  4348 | D:6      | Noticed a two-headed ogre
  4355 | D:6      | Killed a two-headed ogre
  4356 | D:6      | Reached XP level 9. HP: 92/92 MP: 8/8
  4532 | D:6      | Reached skill level 1 in Evocations
  5196 | D:7      | Found an iron altar of Okawaru.
  5484 | D:7      | Found Inewuefi's Assorted Antiques.
  5595 | D:7      | Noticed Prince Ribbit
  5600 | D:7      | Killed Prince Ribbit
  5651 | D:7      | Reached skill level 5 in Evocations
  5760 | D:7      | Reached **** piety under Trog
  5800 | D:7      | Found a staircase to the Ecumenical Temple.
  5825 | Temple   | Entered the Ecumenical Temple
  5932 | D:7      | Found a runed translucent door.
  5933 | D:7      | Found a burning altar of Makhleb.
  5933 | D:7      | Noticed a sixfirhy
  5939 | D:7      | Killed a sixfirhy
  5940 | D:7      | Reached XP level 10. HP: 100/100 MP: 9/9
  5988 | D:7      | Noticed a boulder beetle
  6128 | D:8      | Noticed a two-headed ogre
  6138 | D:8      | Killed a two-headed ogre
  6917 | D:1      | Bought a +2 cloak of poison resistance for 222 gold pieces
  6973 | D:2      | Bought a potion of flight for 33 gold pieces
  7425 | D:8      | Noticed Grum
  7445 | D:8      | Killed Grum
  7808 | D:9      | Found a shimmering altar of Xom.
  7888 | D:9      | Found a hide-covered altar of Uskayaw.
  7889 | D:9      | Noticed a death yak
  7918 | D:9      | Killed a death yak
  7994 | D:9      | Noticed a death yak
  8017 | D:9      | Killed a death yak
  8018 | D:9      | Reached XP level 11. HP: 84/107 MP: 10/10
  8129 | D:9      | Found a blossoming altar of Fedhas.
  8164 | D:9      | Identified the +6 battleaxe of Lyhis {vorpal, *Corrode rN+
                  | Will++}
  8203 | D:9      | Noticed a death yak
  8204 | D:9      | Noticed a death yak
  8204 | D:9      | Noticed a death yak
  8237 | D:8      | Killed a death yak
  8404 | D:9      | Noticed Erica
  8413 | D:9      | Killed Erica
  8414 | D:9      | Reached skill level 10 in Evocations
  8608 | D:9      | Found a shimmering blue altar of Sif Muna.
  8660 | D:9      | Found a staircase to the Lair.
  8787 | D:10     | Entered Level 10 of the Dungeon
  8849 | D:10     | Noticed a two-headed ogre
  8878 | D:10     | Killed a two-headed ogre
  9038 | D:10     | Reached ***** piety under Trog
  9325 | D:10     | Found a portal to a secret trove of treasure.
  9453 | D:10     | Reached skill level 11 in Unarmed Combat
  9603 | D:11     | Noticed a two-headed ogre
  9618 | D:11     | Killed a two-headed ogre
  9758 | D:11     | Noticed a boulder beetle
  9868 | D:11     | Found a frozen archway.
  9868 | D:11     | Noticed a two-headed ogre
  9874 | D:11     | Found a staircase to the Orcish Mines.
  9896 | D:11     | HP: 3/113 [something (30)]
 10020 | D:10     | Upgraded the game from 0.29-a0-222-g5b244fca1f to
                  | 0.29-a0-231-g945431f764
 10076 | D:11     | Noticed a two-headed ogre
 10090 | D:11     | Killed a two-headed ogre
 10091 | D:11     | Reached XP level 12. HP: 122/122 MP: 11/11
 10170 | Lair:1   | Entered Level 1 of the Lair of Beasts
 10263 | Lair:1   | Noticed Sonja
 10268 | Lair:1   | Killed Sonja
 10269 | Lair:1   | Reached skill level 1 in Maces & Flails
 10328 | Lair:1   | Noticed a five-headed hydra
 10338 | Lair:1   | Killed a five-headed hydra
 10338 | Lair:1   | Received a gift from Trog
 10558 | Lair:1   | Noticed a seven-headed hydra
 10563 | Lair:1   | HP: 5/123 [seven-headed hydra (5)]
 10564 | Lair:1   | Slain by a seven-headed hydra

Illustrated notes

Levels and vault maps discovered:
D:1:      dpeg_arrival_simpleton_b, layout_loops_corners, serial_shops, shop
D:2:      layout_loops_ring, serial_shops, nicolae_shop_advertising_works
          [nicolae_subvault_shop_adworks], nicolae_elevator_lobby_asterisk,
          uniq_terence
D:3:      layout_rooms, old_standard_altar,
          hellmonk_ecumenical_altar_defaced_shrine, minivault_5, st_stairs_4,
          minivault_25
D:4:      layout_basic, chequers_big_river, pf_guarded_unrand_delatra
D:5:      wad_lake_hut, layout_basic, nicolae_qazlal_general_emergency,
          overflow_temple_1_default, mainiacjoe_overflow_alcove_4, uniq_menkaure
D:6:      hellmonk_crumbling_castle, layout_basic
D:7:      layout_basic, vehumet_statue, okawaru_humans, nzn_makhleb_speed_demon,
          minmay_temple_entry_tees, serial_shops, nicolae_shop_crystal,
          uniq_prince_ribbit1
D:8:      layout_gridville, uniq_grum
D:9:      layout_basic, nicolae_uskayaw_murder_on_the_dancefloor, led_sif_book,
          mainiacjoe_overflow_chevrons, fedhas_altar_3, dpeg_lair_monsters,
          uniq_erica
D:10:     layout_rooms, nicolae_trove_entry_columns
D:11:     layout_small_grid, zombieorc2_lemuel,
          portal_ice_cave_entry_ice_simulacra
Temple:   minmay_temple_curvy_loop
Lair:1:   layout_misc_corridors, uniq_sonja, uniq_nergalle

Skill      XL: |  1  2  3  4  5  6  7  8  9 10 11 12 |
---------------+-------------------------------------+-----
Unarmed Combat | 4 5 6 8 10 11 | 11.7
Fighting       | 4 6 8 9 |  9.2
Evocations     | 6 9 10 | 10.0
Maces & Flails | 2 |  2.5
Dodging        | |  2.4

Action                   |  1- 3 |  4- 6 |  7- 9 | 10-12 || total
-------------------------+-------+-------+-------+-------++-------
Melee: Unarmed           |    68 |   198 |   197 |   381 ||   844
       Punch             |       |     3 |     5 |    24 ||    32
       Mace              |       |       |       |     3 ||     3
Throw: Dart              |       |       |     8 |     3 ||    11
Invok: Berserk           |       |     3 |     4 |     9 ||    16
       Trog's Hand       |       |       |       |     1 ||     1
Evoke: Wand              |       |       |       |    10 ||    10
  Use: Scroll            |       |       |     8 |     3 ||    11
       Potion            |       |       |       |     2 ||     2
 Stab: Sleeping          |     1 |     1 |       |       ||     2
Armor: Animal skin       |    18 |       |       |       ||    18
       Robe              |    11 |    52 |    33 |    79 ||   175
Dodge: Dodged            |    45 |    83 |    55 |   157 ||   340

Table legend: (Time is in decaauts)
 A = Elapsed time spent in this place.
 B = Non-inter-level travel time spent in this place.
 C = Inter-level travel time spent in this place.
 D = Time resting spent in this place.
 E = Time spent auto-exploring this place.
 F = Levels seen in this place.
 G = Mean time per level.
                   A        B        C        D        E       F      G
               +--------+--------+--------+--------+--------+-----+--------+
         Total |  10645 |   9755 |    890 |   1122 |   5069 |  13 |  818.8 |
       Dungeon |  10253 |   9363 |    890 |    995 |   5069 |  11 |  932.1 |
        Temple |      1 |      1 |      0 |      0 |      0 |   1 |    1.0 |
          Lair |    390 |    390 |      0 |    127 |      0 |   1 |  390.0 |
               +--------+--------+--------+--------+--------+-----+--------+

Top non-repeatable levels by time:
     D:8: 1379 daAuts
     D:6: 1090 daAuts
     D:9: 1075 daAuts
     D:5: 978 daAuts
     D:2: 966 daAuts
     D:1: 941 daAuts
     D:4: 877 daAuts
     D:3: 852 daAuts
    D:10: 828 daAuts
     D:7: 792 daAuts
    D:11: 469 daAuts
  Lair:1: 390 daAuts
  Temple: 1 daAuts
